 Dungeon Crawl Stone Soup version 0.31.0-9-g3a7656b989 (webtiles) character file.

Game seed: 12260967596449261309

7714 qw the Skirmisher (level 11, -6/67 HPs)
             Began as a Deep Elf Hunter on Feb 2, 2024.
             Was a Priest of Okawaru.
             Mangled by Erica
             ... wielding a +3 scimitar of flaming
              (17 damage)
             ... on level 1 of the Lair of Beasts.
             The game lasted 00:00:49 (8955 turns).

qw the Skirmisher (Deep Elf Hunter)                 Turns: 8955, Time: 00:00:50

Health: -6/67      AC: 10    Str: 12    XL:     11   Next: 0%
Magic:  15/16      EV: 18    Int: 15    God:    Okawaru [***...]
Gold:   604        SH:  0    Dex: 18    Spells: 10/10 levels left

rFire   + . .        a - +1 shortbow (heavy)
rCold   . . .        (shield currently unavailable)
rNeg    . . .        k - +2 leather armour {rF+}
rPois   .            (no helmet)
rElec   .            b - +0 cloak
rCorr   .            o - +2 pair of gloves
SInv    .            (no boots)
Will    +....        h - amulet of the acrobat
Stlth   +++          (no ring)
HPRegen 0.31/turn    (no ring)
MPRegen 0.15/turn

%: acrobat
@: lethally poisoned (-6 -> -13), heroic, constricted
A: no striking features
a: Renounce Religion, Heroism


You were on level 1 of the Lair of Beasts.
You worshipped Okawaru.
Okawaru was most pleased with you.
You visited 3 branches of the dungeon, and saw 10 of its levels.

You collected 604 gold pieces.


   Skills:
 - Level 7.1(12.1) Fighting
 - Level 14.9(19.9) Ranged Weapons
 - Level 2.3(7.3) Armour
 + Level 10.6(15.6) Dodging
 - Level 1.2(6.2) Stealth
 - Level 4.1 Invocations


You had 10 spell levels left.
You didn't know any spells.
Your spell library was empty.

Inventory:

Hand Weapons
 a - a +1 heavy shortbow (weapon)
Armour
 b - a +0 cloak (worn)
 g - a +0 ring mail
 k - a +2 leather armour of fire resistance (worn)
 o - a +2 pair of gloves (worn)
Jewellery
 f - an amulet of guardian spirit
 h - an amulet of the acrobat (around neck)
Wands
 e - a wand of polymorph (15)
Scrolls
 d - a scroll of brand weapon
 n - a scroll of vulnerability {unknown}
 p - a scroll of identify
Potions
 c - 2 potions of curing
 i - 2 potions of might
 j - a potion of magic
 m - a potion of enlightenment

Dungeon Overview and Level Annotations

Branches:
Dungeon (8/15)             Temple (1/1) D:5            Lair (1/5) D:8

Altars:
Ashenzari
Cheibriados
Dithmenos
Elyvilon
Fedhas
Gozag
Hepliaklqana
Kikubaaqudgha
Okawaru
Qazlal
Ru
Sif Muna
Trog
Uskayaw
Vehumet
Yredelemnul
Zin
The Shining One

Annotations:
D:2 1 runed translucent door, Crazy Yiuf
D:4 2 transporters
Lair:1 Erica


Message History

You start resting.
Erica the Fiery-Tempered comes into view.
She is wielding a +3 scimitar of flaming.
8945 ||| INVOKING Heroism.
You gain the combat prowess of a mighty hero.
Erica shouts!
You hear a screech!
You shoot an arrow. The arrow hits Erica!!
Erica is moderately wounded.
You shoot an arrow. The arrow hits Erica.
Erica is heavily wounded.
You shoot an arrow. The arrow closely misses Erica.
You shoot an arrow. The arrow hits Erica.
Erica is heavily wounded.
You shoot an arrow. The arrow hits Erica.
Erica is heavily wounded.
Erica hits you with a +3 scimitar of flaming!
Erica burns you. Erica grabs you. Erica constricts you.
You shoot an arrow. The arrow misses Erica.
Erica barely misses you. Erica constricts you.
You shoot an arrow. The arrow hits Erica.
Erica is severely wounded.
Erica stares at you and mumbles some strange words.
The bolt of poison hits you!!
You are poisoned.
Erica constricts you.
8953 ||| DRINKING potion of heal wounds.
You feel much better.
You feel very sick.
Erica hits you with a +3 scimitar of flaming.
Erica constricts you.
You shoot an arrow. The arrow hits Erica.
Erica is severely wounded.
You feel very sick.
Erica hits you with a +3 scimitar of flaming!
Erica burns you. Erica constricts you.
You shoot an arrow. The arrow hits Erica!
Erica is almost dead.
You feel sick.
Erica hits you with a +3 scimitar of flaming!
You die...
Erica begins burbling mirthfully and uncontrollably.

.###F## ...# ......l .....#
.....l. ....# ## .......
#...####.# # .....F.
#........ .... ..."...##
#..[...#####..#
........#######......+...#..#
........%..%@x.......#......#
...#'###...###.......#...#..#
#..## #.......P.##...#
#...##.......).......#
#..####..............# #..#
#.....###.####... ...#
##....# ### #... .#..#
#.....# #..# .#..# ##....#
#..#


You could see Erica.

Vanquished Creatures
  Joseph (Lair:1)
  Maggie (D:8)
  A cane toad (Lair:1)
  A komodo dragon (Lair:1)
  A kobold demonologist (D:8)
  Psyche (D:8)
  A polar bear (Lair:1)
  A troll (D:8)
  4 blink frogs (Lair:1)
  A hornet (D:8)
  Sigmund (D:2)
  2 wyverns (Lair:1)
  Eustachio (D:4)
  A basilisk (Lair:1)
  Menkaure (D:6)
  3 water moccasins
  3 ice beasts
  3 sky beasts
  6 ogres
  6 wolves
  2 phantoms
  A kobold brigand (D:8)
  6 bullfrogs
  A gnoll sergeant (D:7)
  A scorpion (D:6)
  A burial acolyte (D:5)
  3 electric eels (D:8)
  A bombardier beetle (D:4)
  5 hounds
  4 orc priests
  7 jellies
  A gnoll bouda (D:8)
  4 iguanas
  6 orc wizards
  3 adders
  11 gnolls
  2 shadow imps
  An ufetubus (D:3)
  4 adder zombies (D:5)
  2 dart slugs (D:3)
  2 ribbon worms
  24 orcs
  3 endoplasms
  4 giant cockroaches
  12 goblins
  9 hobgoblins
  7 quokkas
  3 ball pythons
  7 bats
  4 frilled lizards
  A jackal zombie (D:5)
  17 kobolds
  7 rats
206 creatures vanquished.

Notes
Turn   | Place    | Note
-------+----------+-------------------------------------------
     0 | D:1      | qw the Deep Elf Hunter began the quest for the Orb.
     0 | D:1      | Reached XP level 1. HP: 12/12 MP: 3/3
     0 | D:1      | 0 ||| qw: Version: 0.3-a-155-g5e7d8dd
     0 | D:1      | 0 ||| qw: Game counter: 1705
     0 | D:1      | 0 ||| qw: Melee chars always use a shield: true
     0 | D:1      | 0 ||| qw: God list: Okawaru
     0 | D:1      | 0 ||| qw: Allow faded altars: false
     0 | D:1      | 0 ||| qw: Do Orc after clearing Dungeon:15 true
     0 | D:1      | 0 ||| qw: Do second Lair branch before Depths: true
     0 | D:1      | 0 ||| qw: Lair rune preference: random
     0 | D:1      | 0 ||| qw: Goals: Normal
     0 | D:1      | 0 ||| PLANNING D:1-11
   130 | D:1      | Reached XP level 2. HP: 16/16 MP: 4/4
   146 | D:1      | Reached skill level 6 in Ranged Weapons
   675 | D:1      | 675 ||| UPGRADING to amulet of guardian spirit.
   680 | D:1      | 680 ||| READING scroll labelled OCIBICZ JESMOWN.
   684 | D:1      | 684 ||| READING scroll labelled QAIPSI ZEIZIM.
   685 | D:1      | 685 ||| READING scroll labelled BACVOT ONIU.
   686 | D:1      | 686 ||| DROPPING scroll of butterflies.
   740 | D:2      | Reached XP level 3. HP: 20/20 MP: 5/5
   832 | D:2      | Noticed Sigmund
   850 | D:2      | Killed Sigmund
   851 | D:2      | Reached skill level 9 in Ranged Weapons
   851 | D:2      | Reached XP level 4. HP: 8/25 MP: 1/6
   851 | D:2      | Reached XP level 5. HP: 9/29 MP: 1/7
  1501 | D:2      | Reached skill level 3 in Dodging
  1547 | D:2      | You fall into a shaft and drop 1 floor!
  1573 | D:3      | 1573 ||| UPGRADING to +0 cloak.
  1578 | D:3      | 1578 ||| UPGRADING to +0 ring mail.
  1588 | D:3      | 1588 ||| DROPPING +0 leather armour.
  1726 | D:2      | Found a runed translucent door.
  1727 | D:2      | Noticed Crazy Yiuf
  2681 | D:3      | 2681 ||| UPGRADING to +2 leather armour of fire resistance.
  2691 | D:3      | 2691 ||| DROPPING amulet of magic regeneration.
  2692 | D:3      | 2692 ||| READING scroll labelled HETILA HELILIT.
  2693 | D:3      | 2693 ||| READING scroll labelled RINOJUO REOKHLU.
  2693 | D:3      | 2693 ||| BRANDING +0 shortbow.
  2694 | D:3      | 2694 ||| READING scroll labelled RISHROZX SIAS.
  2695 | D:3      | 2695 ||| READING scroll labelled NOMIAL VACY.
  2796 | D:3      | 2796 ||| DRINKING 3 dark potions.
  2841 | D:4      | Noticed a phantom
  2846 | D:4      | Killed a phantom
  2847 | D:4      | Reached XP level 6. HP: 35/35 MP: 6/8
  3041 | D:4      | Reached skill level 10 in Ranged Weapons
  3089 | D:4      | Reached XP level 7. HP: 33/40 MP: 5/9
  3192 | D:4      | Found a transporter.
  3201 | D:4      | Reached skill level 11 in Ranged Weapons
  3214 | D:4      | Found a transporter.
  3214 | D:4      | Noticed a hornet
  3221 | D:4      | Found a hazy altar of Hepliaklqana.
  3221 | D:4      | Found a sacrificial altar of Ru.
  3221 | D:4      | Found a stormy altar of Qazlal.
  3596 | D:4      | Noticed Eustachio
  3603 | D:4      | Killed Eustachio
  3887 | D:4      | 3887 ||| READING 4 scrolls of identify.
  3887 | D:4      | 3887 ||| IDENTIFYING green potion
  3888 | D:4      | 3888 ||| READING 3 scrolls of identify.
  3888 | D:4      | 3888 ||| IDENTIFYING smoky sapphire potion
  3889 | D:4      | 3889 ||| READING 2 scrolls of identify.
  3889 | D:4      | 3889 ||| IDENTIFYING amethyst potion
  3890 | D:4      | 3890 ||| READING scroll of identify.
  3890 | D:4      | 3890 ||| IDENTIFYING grey potion
  3891 | D:4      | 3891 ||| READING scroll labelled VEPRUQ FUSIACRAO.
  3892 | D:4      | 3892 ||| DROPPING potion of lignification.
  3893 | D:4      | 3893 ||| DROPPING potion of attraction.
  3937 | D:5      | Entered Level 5 of the Dungeon
  3939 | D:5      | 3939 ||| STAIRDANCE
  3942 | D:4      | Reached skill level 12 in Ranged Weapons
  3968 | D:5      | 3968 ||| STAIRDANCE
  4087 | D:5      | Reached skill level 3 in Fighting
  4087 | D:5      | Reached XP level 8. HP: 39/46 MP: 8/10
  4144 | D:5      | Found a staircase to the Ecumenical Temple.
  4145 | D:5      | 4145 ||| PLANNING TEMPLE
  4145 | D:5      | 4145 ||| READING scroll labelled FENYRY KIYROI.
  4146 | D:5      | 4146 ||| READING scroll labelled KOSCHU WOIRHARGHIOS.
  4156 | Temple   | Entered the Ecumenical Temple
  4157 | Temple   | 4157 ||| PLANNING OKAWARU WORSHIP
  4169 | Temple   | Became a worshipper of Warmaster Okawaru
  4170 | Temple   | 4170 ||| PLANNING D:1-11
  4170 | Temple   | 4170 ||| REMOVING amulet of guardian spirit.
  4175 | Temple   | 4175 ||| UPGRADING to amulet of the acrobat.
  4737 | D:5      | Found an ancient bone altar of Kikubaaqudgha.
  4857 | D:6      | Reached skill level 13 in Ranged Weapons
  4903 | D:6      | 4903 ||| FLEEEEING.
  4904 | D:6      | 4904 ||| FLEEEEING.
  4905 | D:6      | 4905 ||| STAIRDANCE
  5082 | D:6      | Noticed Menkaure
  5090 | D:6      | Killed Menkaure
  5090 | D:6      | Reached * piety under Okawaru
  5091 | D:6      | Reached skill level 14 in Ranged Weapons
  5338 | D:6      | Reached skill level 1 in Invocations
  5528 | D:6      | Reached XP level 9. HP: 50/50 MP: 12/12
  5677 | D:6      | Reached skill level 6 in Dodging
  6105 | D:6      | 6105 ||| UPGRADING to +2 pair of gloves.
  6110 | D:6      | 6110 ||| READING 4 scrolls of identify.
  6110 | D:6      | 6110 ||| IDENTIFYING fuming clear potion
  6111 | D:6      | 6111 ||| READING 3 scrolls of identify.
  6111 | D:6      | 6111 ||| IDENTIFYING fizzy grey potion
  6112 | D:6      | 6112 ||| READING 2 scrolls of identify.
  6112 | D:6      | 6112 ||| IDENTIFYING scroll labelled PIPUHOURI
  6113 | D:6      | 6113 ||| DROPPING scroll of poison.
  6114 | D:6      | 6114 ||| DROPPING potion of degeneration.
  6150 | D:7      | HP: 11/50 [gnoll/+0 halberd (7)]
  6151 | D:7      | 6151 ||| READING scroll of teleportation.
  6152 | D:7      | 6152 ||| DRINKING 2 potions of heal wounds.
  6157 | D:7      | HP: 12/50 [ogre/+0 giant club (6)]
  6158 | D:7      | 6158 ||| DRINKING potion of heal wounds.
  6160 | D:7      | Reached skill level 3 in Invocations
  6166 | D:7      | Reached skill level 1 in Armour
  6203 | D:7      | Reached ** piety under Okawaru
  6729 | D:7      | Found a white marble altar of Elyvilon.
  6953 | D:7      | 6953 ||| READING scroll of identify.
  6953 | D:7      | 6953 ||| IDENTIFYING smoky dark potion
  6954 | D:7      | 6954 ||| READING scroll labelled ROIPTA EM UFI.
  6954 | D:7      | 6954 ||| ENCHANTING +0 heavy shortbow.
  7028 | D:8      | Noticed Maggie
  7029 | D:8      | 7029 ||| INVOKING Heroism.
  7038 | D:8      | Killed Maggie
  7171 | D:8      | Noticed a kobold demonologist
  7173 | D:8      | 7173 ||| INVOKING Heroism.
  7185 | D:8      | Killed a kobold demonologist
  7216 | D:8      | Paralysed by a hornet for 1 turns
  7218 | D:8      | 7218 ||| INVOKING Heroism.
  7224 | D:8      | 7224 ||| FLEEEEING.
  7225 | D:8      | 7225 ||| FLEEEEING.
  7226 | D:8      | 7226 ||| FLEEEEING.
  7227 | D:8      | 7227 ||| FLEEEEING.
  7228 | D:8      | 7228 ||| FLEEEEING.
  7229 | D:8      | 7229 ||| FLEEEEING.
  7230 | D:8      | 7230 ||| FLEEEEING.
  7376 | D:8      | Noticed Psyche
  7377 | D:8      | 7377 ||| INVOKING Heroism.
  7381 | D:8      | 7381 ||| READING scroll of teleportation.
  7383 | D:8      | Killed Psyche
  7384 | D:8      | Reached XP level 10. HP: 45/59 MP: 12/15
  7384 | D:8      | 7384 ||| FLEEEEING.
  7424 | D:8      | HP: 9/59 [electric eel/bolt of electricity (10)]
  7426 | D:8      | Reached *** piety under Okawaru
  7444 | D:8      | 7444 ||| FLEEEEING.
  7445 | D:8      | 7445 ||| FLEEEEING.
  7604 | D:8      | Found a staircase to the Lair.
  7650 | D:8      | 7650 ||| INVOKING Heroism.
  7654 | D:8      | HP: 13/59 [poisoned by a kobold brigand (curare-tipped
                  | dart)]
  7658 | D:8      | HP: 5/59 [poisoned by a kobold brigand (curare-tipped
                  | dart)]
  7976 | D:8      | Found a bloodstained altar of Trog.
  8054 | D:8      | Found a broken altar of Ashenzari.
  8237 | D:8      | 8237 ||| PLANNING LAIR
  8237 | D:8      | 8237 ||| READING 2 scrolls of identify.
  8237 | D:8      | 8237 ||| IDENTIFYING lumpy yellow potion
  8238 | D:8      | 8238 ||| DROPPING potion of ambrosia.
  8260 | Lair:1   | Entered Level 1 of the Lair of Beasts
  8263 | Lair:1   | Noticed a cane toad
  8264 | Lair:1   | 8264 ||| INVOKING Heroism.
  8267 | Lair:1   | Killed a cane toad
  8268 | Lair:1   | Reached skill level 9 in Dodging
  8345 | Lair:1   | 8345 ||| INVOKING Heroism.
  8347 | Lair:1   | Reached skill level 6 in Fighting
  8509 | Lair:1   | Noticed Joseph
  8510 | Lair:1   | 8510 ||| INVOKING Heroism.
  8517 | Lair:1   | Killed Joseph
  8611 | Lair:1   | 8611 ||| RETREEEEATING.
  8612 | Lair:1   | 8612 ||| RETREEEEATING.
  8613 | Lair:1   | 8613 ||| RETREEEEATING.
  8614 | Lair:1   | 8614 ||| RETREEEEATING.
  8615 | Lair:1   | 8615 ||| RETREEEEATING.
  8616 | Lair:1   | 8616 ||| RETREEEEATING.
  8617 | Lair:1   | 8617 ||| RETREEEEATING.
  8618 | Lair:1   | 8618 ||| RETREEEEATING.
  8619 | Lair:1   | 8619 ||| RETREEEEATING.
  8620 | Lair:1   | 8620 ||| RETREEEEATING.
  8621 | Lair:1   | 8621 ||| RETREEEEATING.
  8800 | Lair:1   | 8800 ||| RETREEEEATING.
  8801 | Lair:1   | 8801 ||| RETREEEEATING.
  8805 | Lair:1   | 8805 ||| RETREEEEATING.
  8807 | Lair:1   | 8807 ||| RETREEEEATING.
  8809 | Lair:1   | 8809 ||| RETREEEEATING.
  8811 | Lair:1   | 8811 ||| INVOKING Heroism.
  8832 | Lair:1   | Reached XP level 11. HP: 19/67 MP: 16/16
  8944 | Lair:1   | Noticed Erica
  8945 | Lair:1   | 8945 ||| INVOKING Heroism.
  8952 | Lair:1   | HP: 16/67 [constriction (4)]
  8953 | Lair:1   | 8953 ||| DRINKING potion of heal wounds.
  8955 | Lair:1   | Mangled by Erica

Levels and vault maps discovered:
D:1:      zaba_arrival_water, layout_loops_cross
D:2:      layout_loops_corners, uniq_sigmund, uniq_crazy_yiuf_cottage
D:3:      minmay_chambers_of_threes, layout_basic
D:4:      layout_layer_cave, gammafunk_temple_overflow_arena, minmay_unequal,
          uniq_eustachio
D:5:      layout_basic, lemuel_zombie_altar_kikubaaqudgha,
          minmay_temple_entry_metal_lava
D:6:      layout_layer_cave, uniq_menkaure
D:7:      layout_gridville, general_overflow_altar
D:8:      layout_loops_cross, old_standard_altar, amcnicky_altar_gilded,
          erik_lair_island, uniq_psyche, uniq_maggie
Temple:   nicolae_temple_ecumenical_triangle
Lair:1:   layout_chaotic_city, uniq_joseph, uniq_erica, uniq_amaemon

Skill      XL: |  1  2  3  4  5  6  7  8  9 10 |
---------------+-------------------------------+-----
Ranged Weapons | 6 9 10 12 14 | 14.9
Dodging        | 3 4 5 8 10 | 10.6
Fighting       | 2 3 5 7 |  7.1
Invocations    | 1 4 |  4.1
Armour         | 1 2 |  2.3
Stealth        | |  1.2

Action                     |  1- 3 |  4- 6 |  7- 9 | 10-12 || total
---------------------------+-------+-------+-------+-------++-------
  Melee: Unarmed           |       |       |     2 |    22 ||    24
   Fire: Shortbow          |    87 |   159 |   294 |   151 ||   691
 Invoke: Heroism           |       |       |     4 |     6 ||    10
    Use: Scroll            |     3 |     4 |    14 |     1 ||    22
         Potion            |       |     1 |     2 |     1 ||     4
 Armour: Leather armour    |    16 |    19 |    75 |    47 ||   157
         Ring mail         |       |    34 |       |       ||    34
         Skin              |       |       |     2 |    11 ||    13
  Dodge: Dodged            |    16 |    57 |    84 |   112 ||   269

Table legend:
 A = Non-vault XP
 B = Vault XP
 C = Vault XP percentage of total XP
 D = Non-vault monster count
 E = Vault monster count
 F = Vault count percentage of total count
                 A         B        C        D         E       F
            +---------+---------+-------+---------+---------+-------
      Total |    8376 |    2644 |  24.0 |     174 |      32 |  15.5
            +---------+---------+-------+---------+---------+-------
        D:1 |      37 |       0 |   0.0 |      23 |       0 |   0.0
        D:2 |      51 |     231 |  81.9 |      23 |       1 |   4.2
        D:3 |      21 |      34 |  61.8 |       5 |      12 |  70.6
        D:4 |     765 |     239 |  23.8 |      20 |       3 |  13.0
        D:5 |     352 |      94 |  21.1 |       9 |       6 |  40.0
        D:6 |    1084 |     169 |  13.5 |      21 |       1 |   4.5
        D:7 |    1010 |       0 |   0.0 |      21 |       0 |   0.0
        D:8 |    1251 |    1422 |  53.2 |      33 |       8 |  19.5
     Lair:1 |    3805 |     455 |  10.7 |      19 |       1 |   5.0
            +---------+---------+-------+---------+---------+-------
